 Dungeon Crawl Stone Soup version 0.20-a0-945-g3bf614a (webtiles) character file.

12693 Firebatgyro the Fighter (level 11, -2/97 HPs)
             Began as a Demonspawn Artificer on Apr 2, 2017.
             Was a Priest of Ru.
             Slain by a manticore (5 damage)
             ... on level 11 of the Dungeon.
             The game lasted 00:23:32 (13338 turns).

Firebatgyro the Fighter (Demonspawn Artificer)     Turns: 13338, Time: 00:23:34

Health: -2/97      AC:  9    Str: 16    XL:     11   Next: 65%
Magic:  0/13       EV:  9    Int: 12    God:    Ru [***...]
Gold:   613        SH:  7    Dex: 14    Spells: 10/10 levels left

rFire    . . .     SeeInvis +     - Unarmed
rCold    . . .     Gourm    .   p - +2 buckler
rNeg     + . .     Faith    .   n - +3 ring mail
rPois    .         Spirit   +   Q - +1 hat
rElec    .         Reflect  +   u - scarf {Spirit}
rCorr    .         Harm     .   (no gloves)
MR       .....                  (no boots)
Stlth    ..........             A - +2 amulet of reflection
Regen    0.3/turn               k - ring of see invisible
MPRegen  0.2/turn               B - ring of positive energy

@: barbed spikes
A: claws 2, horns 2, talons 1, nightstalker 2, no stealth, inability to train
dodging, magic vulnerability 1
a: Draw Out Power, Renounce Religion


You were on level 11 of the Dungeon.
You worshipped Ru.
Ru was most pleased with you.
You were hungry.

You visited 2 branches of the dungeon, and saw 12 of its levels.

You collected 613 gold pieces.

Inventory:

Hand Weapons
 l - a +2 dagger of venom
Missiles
 t - 5 javelins of returning
 w - 7 javelins (quivered)
 P - a throwing net
Armour
 n - a +3 ring mail (worn)
 p - a +2 buckler (worn)
 u - a scarf of spirit shield (worn)
 N - a +0 pair of gloves
 Q - a +1 hat (worn)
 T - a +2 cloak
Jewellery
 k - a ring of see invisible (left claw)
 r - an uncursed ring of ice
 A - a +2 amulet of reflection (around neck)
 B - a ring of positive energy (right claw)
Wands
 a - a wand of flame (20/48)
 c - a wand of flame (15/48)
 d - a wand of enslavement (11/24)
 e - a wand of random effects (15/48)
 y - a wand of lightning (5/15)
 F - a wand of polymorph (6/24)
 K - a wand of polymorph (16/24)
Scrolls
 b - 6 scrolls of remove curse
 i - 13 scrolls of identify
 m - 4 scrolls of enchant armour
 o - a scroll of teleportation
 s - 5 scrolls of enchant weapon
 v - 3 scrolls of fog
 x - 2 scrolls of fear
 J - a scroll of noise
 S - 4 scrolls of recharging
Potions
 h - 2 potions of heal wounds
 j - 7 potions of curing
 z - a potion of agility {unknown}
 C - 2 potions of lignification {unknown}
 D - a potion of resistance {unknown}
 E - 2 potions of haste {unknown}
 G - 3 potions of brilliance {unknown}
 H - 2 potions of magic {unknown}
 M - 2 potions of ambrosia {unknown}
 O - a potion of mutation {unknown}
 R - a potion of berserk rage {unknown}
Comestibles
 f - 10 bread rations
 g - 3 royal jellies
 q - 10 meat rations
 L - 5 fruits


   Skills:
 + Level 12.9 Fighting
 - Level 0.8 Short Blades
 + Level 3.6 Armour
 + Level 11.5 Unarmed Combat
 - Level 3.0 Evocations


You had 10 spell levels left.
You didn't know any spells.

Dungeon Overview and Level Annotations

Branches:
Dungeon (11/15)            Temple (1/1) D:4            Lair (0/6) D:11
    Orc (0/2) D:9

Altars:
Cheibriados
Dithmenos
Elyvilon
Nemelex Xobeh
Ru
Trog
Uskayaw
Vehumet
Xom

Annotations:
D:4 CanOfBees's ghost, novice OgHu
D:8 Maurice


Innate Abilities, Weirdness & Mutations

You have very sharp fingernails.
You have a pair of horns on your head.
You have sharp toenails.
You are significantly more attuned to the shadows.
You cannot be stealthy.
You cannot train Dodging skill.
You are slightly vulnerable to magic. (MR-)


Message History

The red ugly thing gurgles horribly!
You claw the manticore, but do no damage.
The manticore is moderately wounded.
You claw the manticore!
You claw the manticore, but do no damage.
The manticore is heavily wounded.
The manticore barely misses you. You block the manticore's attack. x2
You claw the manticore!
You claw the manticore, but do no damage.
The manticore is severely wounded.
You block the manticore's attack. The manticore claws you.
* * * LOW HITPOINT WARNING * * *
The manticore closely misses you.
You scratch the manticore.
You claw the manticore, but do no damage.
The manticore is almost dead.
The manticore bites you!!
* * * LOW HITPOINT WARNING * * *
The manticore claws you.
You die...

#.######h....Z..###
...Y.Y<.O..........
###.####....l....##
####..# ........(.
###P....### ...>..##.
##..P.P..... .###....#
#...♣.u.♣... #)##..
...P.PH...... #.(###
..P...@........# ##)(..
P...[..........# ####.
.P.............# #...
......>........#####.##
..P............#.[...#
...♣♣.........(#.#####
.)............).:#
.............##(##
#.....♣.....###.#


You could see a red ugly thing and a manticore.

Vanquished Creatures
  A two-headed ogre (D:11)
  The ghost of jasper the Grappler, a novice TrAK of Lugonu (D:7)
  An ugly thing (D:11)
  2 cyclopes (D:11)
  Psyche (D:10)
  3 trolls
  A merfolk (D:9)
  A hornet (D:11)
  4 hippogriffs
  A wraith (D:8)
  19 yaks
  2 wyverns
  A basilisk (D:11)
  A hungry ghost (D:7)
  2 porcupines (D:11)
  A sky beast (D:7)
  2 orc warriors
  2 ice beasts
  An ogre (D:7)
  2 phantoms
  2 centaurs (D:6)
  3 crocodiles
  Blork the orc (D:5)
  A big kobold (D:10)
  A water moccasin zombie (D:9)
  6 scorpions
  9 killer bees
  3 jellies
  3 wights (D:10)
  6 howler monkeys
  The ghost of regis the Conjurer, a weakling HuCj (D:3)
  A bullfrog zombie (D:11)
  3 crimson imps
  A quasit (D:10)
  10 orc priests
  A centaur zombie (D:9)
  A centaur skeleton (D:9)
  A gnoll shaman (D:7)
  7 hounds
  A bullfrog skeleton (D:9)
  An iguana (D:11)
  9 orc wizards
  5 worker ants
  4 hound skeletons
  2 worker ant zombies
  4 gnolls (D:7)
  A howler monkey skeleton (D:8)
  21 adders
  2 shadow imps
  3 oozes
  A spectral adder (D:9)
  2 adder zombies (D:6)
  A worm (D:3)
  3 dart slugs
  8 leopard geckos
  45 orcs
  4 ball pythons
  8 bats
  5 giant cockroaches
  14 goblins
  14 hobgoblins
  7 jackals
  20 kobolds
  4 quokkas
  10 frilled lizards
  2 jackal skeletons
  A leopard gecko skeleton (D:4)
  A quokka zombie (D:7)
  9 rats
322 creatures vanquished.

Vanquished Creatures (others)
  A two-headed ogre (D:10)
  3 yaks (D:11)
  A killer bee (D:7)
  2 orcs
  6 bushes (D:11)
  4 fungi (D:11)
  15 plants (D:11)
32 creatures vanquished.

Grand Total: 354 creatures vanquished

Notes
Turn   | Place    | Note
-------+----------+-------------------------------------------
     0 | D:1      | Firebatgyro the Demonspawn Artificer began the quest for the Orb.
     0 | D:1      | Reached XP level 1. HP: 15/15 MP: 3/3
   316 | D:1      | Reached skill level 2 in Fighting
   339 | D:1      | Gained mutation: You are slightly more attuned to the shadows. [demonic ancestry]
   339 | D:1      | Reached XP level 2. HP: 15/22 MP: 4/4
  1053 | D:1      | Reached skill level 3 in Fighting
  1058 | D:1      | Gained mutation: You have a pair of small horns on your head. [demonic ancestry]
  1058 | D:1      | Reached XP level 3. HP: 20/29 MP: 5/5
  1439 | D:2      | Found a faded altar of an unknown god.
  1468 | D:2      | Reached skill level 1 in Unarmed Combat
  1551 | D:2      | Reached XP level 4. HP: 36/36 MP: 6/6
  1813 | D:2      | Found a shimmering altar of Xom.
  2260 | D:3      | Reached skill level 4 in Fighting
  2260 | D:3      | Gained mutation: You have sharp fingernails. [demonic ancestry]
  2260 | D:3      | Reached XP level 5. HP: 38/42 MP: 7/7
  2488 | D:3      | Noticed regis's ghost (weakling HuCj)
  2510 | D:3      | Killed regis's ghost
  2638 | D:3      | Gained mutation: You are significantly more attuned to the shadows. [demonic ancestry]
  2638 | D:3      | Reached XP level 6. HP: 44/50 MP: 8/8
  3158 | D:4      | Reached skill level 5 in Fighting
  3397 | D:4      | Found a staircase to the Ecumenical Temple.
  3453 | D:4      | Noticed CanOfBees's ghost (novice OgHu)
  3579 | Temple   | Entered the Ecumenical Temple
  3618 | Temple   | Became a worshipper of Ru the Awakened
  3718 | D:5      | Entered Level 5 of the Dungeon
  3853 | D:5      | Noticed an ice beast
  3872 | D:5      | Killed an ice beast
  3872 | D:5      | Reached XP level 7. HP: 47/57 MP: 9/9
  3875 | D:5      | Noticed Blork the orc
  3893 | D:5      | Killed Blork the orc
  4125 | D:5      | Reached skill level 6 in Fighting
  4430 | D:5      | Found a hide-covered altar of Uskayaw.
  5006 | D:6      | Reached skill level 5 in Unarmed Combat
  5105 | D:6      | Found a sparkling altar of Nemelex Xobeh.
  5262 | D:6      | Reached skill level 7 in Fighting
  5262 | D:6      | Gained mutation: You have sharp toenails. [demonic ancestry]
  5262 | D:6      | Reached XP level 8. HP: 49/67 MP: 10/10
  5268 | D:6      | Found a radiant altar of Vehumet.
  5440 | D:6      | Gained mutation: You are slightly vulnerable to magic. (MR-) [Ru sacrifice]
  5440 | D:6      | Reached * piety under Ru
  6559 | D:7      | Reached skill level 8 in Fighting
  6753 | D:7      | Found a shadowy altar of Dithmenos.
  7081 | D:7      | Reached XP level 9. HP: 40/75 MP: 11/11
  7409 | D:7      | Reached skill level 9 in Fighting
  7437 | D:7      | Noticed jasper's ghost (novice TrAK)
  7458 | D:7      | Killed jasper's ghost
  7971 | D:8      | Noticed Maurice
  8042 | D:8      | Noticed a two-headed ogre
  8077 | D:9      | Noticed a merfolk
  8090 | D:9      | Killed a merfolk
  8090 | D:9      | Reached skill level 10 in Fighting
  8393 | D:9      | Found a staircase to the Orcish Mines.
  8438 | D:9      | Gained mutation: You cannot train Dodging skill. [Ru sacrifice]
  8438 | D:9      | Reached ** piety under Ru
  8554 | D:9      | HP: 3/78 [wraith (11)]
  8795 | D:9      | Gained mutation: You have very sharp fingernails. [demonic ancestry]
  8795 | D:9      | Reached XP level 10. HP: 40/86 MP: 12/12
  9583 | D:9      | Reached skill level 11 in Fighting
 10304 | D:10     | Entered Level 10 of the Dungeon
 10350 | D:10     | Reached skill level 10 in Unarmed Combat
 11205 | D:10     | Noticed Psyche
 11209 | D:10     | Killed Psyche
 11209 | D:10     | Reached skill level 12 in Fighting
 11270 | D:10     | Noticed a two-headed ogre
 11277 | D:10     | Killed a two-headed ogre
 11277 | D:10     | Gained mutation: You have a pair of horns on your head. [demonic ancestry]
 11277 | D:10     | Reached XP level 11. HP: 93/95 MP: 13/13
 11563 | D:11     | Noticed a two-headed ogre
 11755 | D:11     | Noticed a purple ugly thing
 11804 | D:11     | Noticed a red ugly thing
 11809 | D:11     | Reached skill level 1 in Armour
 11887 | D:11     | Killed a purple ugly thing
 12235 | D:11     | Gained mutation: You cannot be stealthy. [Ru sacrifice]
 12235 | D:11     | Reached *** piety under Ru
 12256 | D:11     | Identified the Handbook of Shape Shifting
 12797 | D:11     | Killed a two-headed ogre
 13269 | D:11     | Found a staircase to the Lair.
 13338 | D:11     | HP: 3/97 [manticore (15)]
 13338 | D:11     | Slain by a manticore

Vault maps used:
D:1:      erik_arrival_triangle_small
D:2:      chequers_ecumenical_altar_simple_redux, first_bread, xom_teletrap_fun
D:3:      corexii_shack_village, minmay_snake_closets
D:4:      minmay_temple_entry_fiery, minmay_quantized
D:5:      lemuel_doored_altar, corexii_item_surrounded_by_moat,
          uniq_blork_the_orc
D:6:      basic_altar, nemelex_xobeh_ov_fountains_minmay
D:7:      grunt_dithmenos_smoke
D:8:      uniq_maurice
D:9:      orc_0_dummy, hangedman_weighted_door, hangedman_fish_farm,
          nicolae_wwwww
D:10:     uniq_psyche
D:11:     minmay_lair_entry_grove
Temple:   minmay_crystal_snake_temple

Skill      XL: |  1  2  3  4  5  6  7  8  9 10 11 |
---------------+----------------------------------+-----
Fighting       | 2 3 4 5 7 8 10 12 | 12.9
Unarmed Combat | 1 2 3 4 5 7 9 10 11 | 11.5
Dodging        | 0 |  0.0
Armour         | 3 |  3.6
Short Blades   | |  0.8
Evocations     | |  3.0

Action                   |  1- 3 |  4- 6 |  7- 9 | 10-12 || total
-------------------------+-------+-------+-------+-------++-------
Melee: Short sword       |    66 |       |       |       ||    66
       Dagger            |    83 |   220 |    43 |       ||   346
       Headbutt          |     6 |    42 |    87 |    75 ||   210
       Unarmed           |       |    71 |   390 |   415 ||   876
       Kick              |       |       |    82 |   121 ||   203
Invok: Sacrifice Essence |       |       |     1 |       ||     1
       Sacrifice Nimblen |       |       |     1 |       ||     1
       Sacrifice Stealth |       |       |       |     1 ||     1
Evoke: Wand              |       |       |     7 |    10 ||    17
  Use: Scroll            |       |       |     9 |    13 ||    22
       Potion            |       |       |     3 |     2 ||     5
 Stab: Sleeping          |     3 |    12 |     6 |     4 ||    25
       Distracted        |     1 |       |     1 |     2 ||     4
  Eat: Chunk             |     2 |     8 |    13 |     9 ||    32
       Meat ration       |       |       |     1 |     1 ||     2
Armor: Leather armour    |    24 |       |       |       ||    24
       Ring mail         |    27 |    93 |   164 |   113 ||   397
Dodge: Dodged            |    93 |   113 |   182 |   132 ||   520
Block: Buckler           |    17 |    55 |   109 |    86 ||   267
       Reflection        |       |       |       |     2 ||     2
